 Dungeon Crawl Stone Soup version bcrawl-1.13.2 (webtiles) character file.

Game seed: 5722759608595572631

81 Felnil the Magician (level 4, -6/24 HPs)
             Began as a Skeleton Wizard on Aug 11, 2019.
             Mangled by a worker ant (7 damage)
             ... on level 2 of the Dungeon.
             The game lasted 00:07:22 (2268 turns).

Felnil the Magician (Skeleton Wizard)               Turns: 2268, Time: 00:07:22

Health: -6/24      AC:  2    Str: 10 (13) XL:     4   Next: 20%
Magic:  0/13       EV: 12    Int: 16 (18) God:
Gold:   89         SH:  0    Dex:  6 (7)  Spells: 14/17 levels left

rFire    . . .     SeeInvis .   d - +1 hand axe (venom)
rCold    + . .     Gourm    .   (no shield)
rNeg     + + +     Faith    .   b - +0 robe
rPois    ∞         Spirit   +   c - +0 hat
rElec    .         Reflect  .   j - scarf {buggy}
rCorr    .         Harm     .   (no gloves)
MR       .....                  (no boots)
Stlth    ++........             (no amulet)
HPRegen  0.08/turn              (no ring)
MPRegen  0.13/turn              (no ring)

@: no status effects
A: no food or potions, cold resistance 1, deterioration 1, negative energy
resistance 3, torment resistance, unbreathing, magic shield, sturdy frame 1,
spell healing
a: no special abilities


You were on level 2 of the Dungeon.
You were not hungry.

You visited 1 branch of the dungeon, and saw 3 of its levels.

You collected 89 gold pieces.

Inventory:

Hand Weapons
 a - a +0 staff
 d - a +1 hand axe of venom (weapon)
Armour
 b - a +0 robe (worn)
 c - a +0 hat (worn)
 j - a scarf of stasis (worn)
Scrolls
 e - 2 scrolls of identify {unknown}
 f - a scroll of amnesia {unknown}
 g - a scroll of enchant armour {unknown}
 h - a scroll of fear {unknown}
 i - a scroll of magic mapping {unknown}


   Skills:
 - Level 2.0 Dodging
 - Level 2.4 Stealth
 + Level 7.0 Spellcasting
 - Level 1.2 Conjurations
 - Level 1.1 Summonings
   Level 0.7 Translocations


You had 14 spell levels left.
You knew the following spells:

 Your Spells              Type           Power        Failure   Level  Hunger
a - Magic Dart            Conj           #...         8%          1    N/A
b - Call Imp              Summ           #.......     12%         2    N/A

Your spell library contained the following spells:

 Spells                   Type           Power        Failure   Level  Hunger
 Slow                     Hex            #.......     12%         1    N/A
 Blink                    Tloc           N/A          14%         2    N/A
 Conjure Flame            Conj/Fire      #.......     28%         3    N/A
 Mephitic Cloud           Conj/Pois/Air  #.......     32%         3    N/A

Dungeon Overview and Level Annotations

Branches:
Dungeon (3/12)

Altars:


Innate Abilities, Weirdness & Mutations

You do not eat or drink.
You are immune to poison.
Your flesh is cold resistant. (rC+)
Your body sometimes deteriorates upon taking damage.
You are immune to negative energy. (rN+++)
You are immune to unholy pain and torment.
You can survive without breathing.
When hurt, damage is shared between your health and your magic reserves.
Your movements are slightly less encumbered by armour. (ER -2)
Casting spells heals you.


Message History

You climb upwards.
There is a stone staircase leading down here.
Casting: Call Imp (safe; 12% risk of failure)
Confirm with . or Enter, or press ? or * to list all spells.
You don't have enough magic to cast that spell.
The worker ant misses you. The worker ant bites you.
* * * LOW HITPOINT WARNING * * *
The worker ant barely misses you.
You can't go up here!
Casting: Call Imp (safe; 12% risk of failure)
Confirm with . or Enter, or press ? or * to list all spells.
A beastly little devil appears in a puff of flame.
The worker ant barely misses you. The worker ant completely misses you.
You swap places.
The worker ant bites you.
* * * LOW HITPOINT WARNING * * *
Your crimson imp closely misses the worker ant.
Your crimson imp hits the worker ant.
The worker ant bites you!
You die...

#.....# #.###.# ####†# #.#
#....# #.####
#####.######....#
#...........###.#
#.....#####.# #.#
##^........#.###.#
#....@.###.#..<#.#
############.....a..#.#####.##
.......[......).5..........>.#
##
############....###.#.....♣#.#
♣. ##########
#....###...♣.♣♣♣♣♣♣ ♣.
..#......#
###.......♣.♣♣♣♣♣.♣♣♣.
..#.[....#
#........♣♣♣.♣♣♣.♣♣.
..#......#
#.......♣.♣...♣._♣♣.
.........#
###+###...♣.♣♣.♣♣♣..


You could see a worker ant and a friendly crimson imp.

Vanquished Creatures
  An adder (D:2)
  3 dart slugs
  2 leopard geckos (D:1)
  6 orcs
  A ball python (D:2)
  5 bats
  A giant cockroach (D:2)
  3 goblins (D:2)
  9 hobgoblins
  A quokka (D:1)
  2 frilled lizards
  12 kobolds
  2 rats (D:1)
48 creatures vanquished.

Vanquished Creatures (collateral kills)
  An ooze (D:2)
  3 orcs (D:2)
  A bat (D:2)
  A frilled lizard (D:3)
  A kobold (D:2)
7 creatures vanquished.

Vanquished Creatures (others)
  5 toadstools (D:1)
5 creatures vanquished.

Grand Total: 60 creatures vanquished

Notes
Turn   | Place    | Note
-------+----------+-------------------------------------------
     0 | D:1      | Felnil the Skeleton Wizard began the quest for the Orb.
     0 | D:1      | Reached XP level 1. HP: 10/10 MP: 5/5
   350 | D:1      | Reached skill level 5 in Spellcasting
   384 | D:1      | Reached XP level 2. HP: 7/15 MP: 0/8
   526 | D:1      | Learned a level 2 spell: Call Imp
   827 | D:1      | Reached XP level 3. HP: 14/19 MP: 7/10
   911 | D:2      | Reached skill level 6 in Spellcasting
  1906 | D:2      | Found a faded altar of an unknown god.
  1992 | D:2      | Reached XP level 4. HP: 22/24 MP: 10/12
  2235 | D:3      | Reached skill level 7 in Spellcasting
  2266 | D:2      | HP: 1/24 [worker ant (4)]
  2268 | D:2      | Mangled by a worker ant

Skill      XL: |  1  2  3  4 |
---------------+-------------+-----
Spellcasting   | 5 6 7 |  7.0
Dodging        | |  2.0
Stealth        | |  2.4
Conjurations   | |  1.2
Summonings     | |  1.1
Translocations | |  0.7

Action                   |  1- 3 |  4- 6 || total
-------------------------+-------+-------++-------
Melee: Hand axe          |    98 |    26 ||   124
 Cast: Magic Dart        |     8 |       ||     8
       Call Imp          |    18 |     3 ||    21
 Stab: Sleeping          |     2 |       ||     2
Armor: Robe              |    20 |     2 ||    22
Dodge: Dodged            |    90 |    25 ||   115
